 Dungeon Crawl Stone Soup version 0.21-a0-321-g91e3373 (webtiles) character file.

44 EazyBreezy the Grasshopper (level 3, -5/18 HPs)
             Began as a Spriggan Warper on Sept 30, 2017.
             Slain by a worm (9 damage)
             ... on level 2 of the Dungeon.
             The game lasted 00:04:45 (1186 turns).

EazyBreezy the Grasshopper (Spriggan Warper)        Turns: 1186, Time: 00:04:46

Health: -5/18      AC:  2    Str:  7    XL:     3   Next: 39%
Magic:  7/8        EV: 19    Int: 15    God:
Gold:   30         SH:  0    Dex: 15    Spells: 1/8 levels left

rFire    . . .     SeeInvis +   a - +0 short sword
rCold    . . .     Gourm    .   (shield restricted)
rNeg     . . .     Faith    .   b - +0 robe
rPois    .         Spirit   .   (helmet restricted)
rElec    .         Reflect  .   (no cloak)
rCorr    .         Harm     .   (gloves unavailable)
MR       .....                  (boots unavailable)
Stlth    ++........             (no amulet)
HPRegen  0.06/turn              j - ring of flight
MPRegen  0.11/turn              (no ring)

@: very quick
A: unfitting armour, see invisible, herbivore 3, speed 3, slow metabolism 2
a: Evoke Flight


You were on level 2 of the Dungeon.
You were not hungry.

You visited 1 branch of the dungeon, and saw 2 of its levels.

You collected 30 gold pieces.

Inventory:

Hand Weapons
 a - a +0 short sword (weapon)
Missiles
 e - 2 tomahawks of dispersal (quivered)
Armour
 b - a +0 robe (worn)
Jewellery
 j - a ring of flight (left hand)
Scrolls
 d - a scroll of blinking
 h - a scroll of identify
 m - a scroll of amnesia
Potions
 g - a potion of curing
 k - a potion of brilliance {unknown}
 n - a potion of flight {unknown}
Books
 c - a book of Spatial Translocations

   Spells                             Type                      Level
   a - Blink                          Translocation                2
   b - Shroud of Golubria             Charms/Translocation         2
   c - Lesser Beckoning               Translocation                3
   d - Gell's Gravitas                Translocation                3
   e - Teleport Other                 Translocation                3
   f - Passage of Golubria            Translocation                4
Comestibles
 f - a bread ration
 l - 7 fruits


   Skills:
 + Level 1.7 Fighting
 + Level 2.9 Short Blades
 + Level 1.0 Throwing
 + Level 4.1 Dodging
 + Level 1.2 Stealth
 + Level 3.1 Spellcasting
 + Level 1.3 Charms
 + Level 4.4 Translocations


You had one spell level left.
You knew the following spells:

 Your Spells              Type           Power        Failure   Level  Hunger
a - Shroud of Golubria    Chrm/Tloc      ##........   9%          2    ##.....
b - Blink                 Tloc           N/A          4%          2    ##.....
c - Teleport Other        Tloc           ###.....     10%         3    ###....


Dungeon Overview and Level Annotations

Branches:
Dungeon (2/15)

Altars:


Innate Abilities, Weirdness & Mutations

You are very small and have problems with some larger weapons.
You are too small for most types of armour.
You have supernaturally acute eyesight. (SInv)
You are a herbivore.
You cover ground extremely quickly.
You need consume almost no food.


Message History

The worm is heavily wounded.
You hit the worm but do no damage.
The worm is heavily wounded.
The worm bites you.
* * * LOW HITPOINT WARNING * * *
You hit the worm.
The worm is severely wounded.
You hit the worm.
The worm is severely wounded.
The worm closely misses you.
You hit the worm.
The worm is severely wounded.
The worm misses you.
You hit the worm.
The worm is almost dead.
You hit the worm but do no damage.
The worm is almost dead.
The worm bites you!
Ouch! That really hurt!
You die...

...#....w........#
#...#............ ..
..#.........#.#.#####.#
#...#.......#.# .......
...#.........#.#
......#
.#.............#
......#
....#....#####.#
......# .........#
##w##......# .........#
#.@..# .........#
##....# .=......#
#.....# #.#.###
#.#.####.## #..........
#.#.###.... #.#<# .. #
#.#


You could see a worm.

Vanquished Creatures
  An ooze (D:1)
  A worm (D:2)
  2 dart slugs (D:1)
  A leopard gecko (D:1)
  2 goblins (D:1)
  6 hobgoblins (D:1)
  2 jackals (D:1)
  6 bats (D:1)
  2 frilled lizards
  4 kobolds (D:1)
  4 rats (D:1)
31 creatures vanquished.

Notes
Turn   | Place    | Note
-------+----------+-------------------------------------------
     0 | D:1      | EazyBreezy the Spriggan Warper began the quest for the Orb.
     0 | D:1      | Reached XP level 1. HP: 10/10 MP: 5/5
   118 | D:1      | Reached XP level 2. HP: 11/14 MP: 6/6
   164 | D:1      | Learned a level 2 spell: Shroud of Golubria
   167 | D:1      | Learned a level 2 spell: Blink
   391 | D:1      | Reached XP level 3. HP: 10/18 MP: 5/8
   521 | D:1      | Learned a level 3 spell: Teleport Other
   603 | D:1      | Reached skill level 1 in Stealth
   603 | D:1      | Reached skill level 1 in Charms
  1186 | D:2      | Slain by a worm

Vault maps used:
D:1:      dpeg_arrival_shelter, minmay_pentomino_t2
D:2:      hex_large

Skill      XL: |  1  2  3 |
---------------+----------+-----
Spellcasting   | 3 |  3.1
Dodging        | 4 |  4.1
Stealth        | 1 |  1.2
Charms         | 1 |  1.3
Fighting       | |  1.7
Short Blades   | |  2.9
Throwing       | |  1.0
Translocations | |  4.4

Action                   || total
-------------------------++-------
Melee: Short sword       ||   153
Throw: Tomahawk          ||     3
 Cast: Shroud of Golubri ||    14
  Use: Scroll            ||     4
 Stab: Sleeping          ||     2
Armor: Robe              ||    10
Dodge: Dodged            ||   119

Table legend:
 A = Spawn XP
 B = Non-spawn XP
 C = Spawn XP percentage of total XP
 D = Spawn monster count
 E = Non-spawn monster count
 F = Spawn count percentage of total count
 G = Total turns spent on level
                    A         B        C        D         E        F      G
               +---------+---------+-------+---------+---------+-------+---------
         Total |       0 |      63 |   0.0 |       0 |      31 |   0.0 |  1186
               +---------+---------+-------+---------+---------+-------+---------
           D:1 |       0 |      57 |   0.0 |       0 |      29 |   0.0 |  1074
           D:2 |       0 |       6 |   0.0 |       0 |       2 |   0.0 |   112
               +---------+---------+-------+---------+---------+-------+---------
